 Dungeon Crawl Stone Soup version 0.30-a0-726-gd89dcf765f (webtiles) character file.

Game seed: 2909819268549633602

101 hikkokomori the Poker (level 4, -1/35 HPs)
             Began as a Merfolk Wanderer on Jan 30, 2023.
             Slain by Ijyb
             ... wielding a +2 dagger of speed
              (3 damage)
             ... on level 3 of the Dungeon.
             The game lasted 00:03:36 (1690 turns).

hikkokomori the Poker (Merfolk Wanderer)            Turns: 1690, Time: 00:03:36

Health: -1/35      AC:  8    Str: 13    XL:     4   Next: 75%
Magic:  4/4        EV:  8    Int: 10    God:
Gold:   135        SH:  0    Dex: 15    Spells: 0/3 levels left

rFire   . . .      SeeInvis .    a - +3 spear
rCold   . . .      Faith    .    (no shield)
rNeg    . . .      Spirit   .    b - +0 scale mail
rPois   .          Reflect  .    (no helmet)
rElec   .          Harm     .    (no cloak)
rCorr   .          Rampage  .    (no gloves)
Will    .....                    (no boots)
Stlth   +                        (no amulet)
HPRegen 0.25/turn                (no ring)
MPRegen 0.09/turn                (no ring)

@: flying
A: (nimble swimmer 2), mertail, iridescent scales 1
a: no special abilities


You were on level 3 of the Dungeon.
You visited 1 branch of the dungeon, and saw 3 of its levels.

You collected 135 gold pieces.

Inventory:

Hand Weapons
 a - a +3 spear (weapon)
 l - the +3 dagger "Killer Bee's Bane" {protect, rN+}
   (You found it on level 2 of the Dungeon)

   rN:        It protects you from negative energy.
Missiles
 r - 5 poisoned darts (quivered)
Armour
 b - a +0 scale mail (worn)
Scrolls
 f - 4 scrolls of identify {unknown}
 h - 3 scrolls of magic mapping {unknown}
 i - a scroll of teleportation {unknown}
 m - 2 scrolls of blinking {unknown}
 n - a scroll of poison {unknown}
 o - a scroll of enchant armour {unknown}
 p - a scroll of torment {unknown}
 q - a scroll of enchant weapon {unknown}
 s - a scroll of amnesia {unknown}
Potions
 c - a potion of brilliance
 e - a potion of cancellation
 j - a potion of resistance {unknown}
 k - a potion of flight


   Skills:
 + Level 3.5 Fighting
 + Level 7.4 Polearms
 - Level 1.0 Armour
 + Level 3.0 Stealth
 + Level 0.0 Ice Magic
 - Level 1.0 Invocations


You couldn't memorise any spells.
You knew the following spells:

 Your Spells              Type           Power      Damage    Failure   Level
a - Ozocubu's Armour      Ice            0%         N/A       99%         3

Your spell library contained the following spells:

 Spells                   Type           Power      Damage    Failure   Level
 Dazzling Flash           Conj/Hex       0%         N/A       99%         3
 Animate Dead             Necr           0%         N/A       100%        4
 Agony                    Necr           0%         N/A       100%        5
 Borgnjor's Vile Clutch   Necr/Erth      0%         N/A       100%        5
 Freezing Cloud           Conj/Ice/Air   0%         6-21      100%        5
 Metabolic Englaciation   Hex/Ice        0%         N/A       100%        5
 Silence                  Hex/Air        0%         N/A       100%        5
 Death Channel            Necr           0%         N/A       100%        6
 Simulacrum               Ice/Necr       0%         N/A       100%        6
 Polar Vortex             Ice            0%         N/A       100%        9


Dungeon Overview and Level Annotations

Branches:
Dungeon (3/15)

Altars:

Shops:
D:1 [

Annotations:
D:3 Ijyb


Innate Abilities, Weirdness & Mutations

((You are very nimble when in or above water. (Stealth+, EV+, Speed+++)))
Your lower body shifts to a powerful aquatic tail in water.
You are partially covered in iridescent scales. (AC +2)


Message History

You aren't carrying any items that you can evoke.
Okay, then.
It was a potion of cancellation.
You feel magically purged.
Ijyb screams, "You nasty!
Big nasty!"
Ijyb hits you with a +2 dagger of speed.
* * * LOW HITPOINT WARNING * * *
Ijyb hits you but does no damage.
You feel better.
Ijyb screams, "Get away!"
Ijyb hits you with a +2 dagger of speed.
* * * LOW HITPOINT WARNING * * *
You feel better.
Ijyb hits you with a +2 dagger of speed.
Ijyb hits you but does no damage.
You closely miss Ijyb.
Ijyb is severely wounded.
Ijyb hits you but does no damage.
You hit Ijyb.
Ijyb is almost dead.
Ijyb hits you with a +2 dagger of speed.
* * * LOW HITPOINT WARNING * * *
You hit Ijyb.
Ijyb is almost dead.
Ijyb hits you but does no damage.
You hit Ijyb but do no damage.
Ijyb is almost dead.
Ijyb zaps a wand.
The puff of flame hits you.
* * * LOW HITPOINT WARNING * * *
You hit Ijyb but do no damage.
Ijyb is almost dead.
Ijyb hits you with a +2 dagger of speed.
* * * LOW HITPOINT WARNING * * *
It was a potion of flight.
You feel very buoyant.
You fly up into the air.
Ijyb barely misses you.
It was a potion of mutation.
You feel extremely strange.
Iridescent scales grow over part of your body.
Ijyb barely misses you.
Ijyb hits you with a +2 dagger of speed.
You die...

### #########.#
##########.........#
#.......Sg@...#######.#
#.############# #.# #.#
#........# #.# #.#
#.######.#######.## #.# #.#
#..........# #.#
#.################# #######.#
#.#.........
......#.####.#.##############
...)...............>###.....#


You could see Ijyb and a ball python.

Vanquished Creatures
  A gnoll (D:1)
  3 adders (D:2)
  2 worms (D:2)
  A dart slug (D:2)
  6 bats
  5 endoplasms
  3 giant cockroaches
  7 hobgoblins
  8 kobolds
  4 quokkas
  5 ball pythons
  5 frilled lizards
  3 goblins
  5 rats
58 creatures vanquished.

Notes
Turn   | Place    | Note
-------+----------+-------------------------------------------
     0 | D:1      | hikkokomori the Merfolk Wanderer began the quest for the
                  | Orb.
     0 | D:1      | hikkokomori set off with the following items: a +3 spear, a
                  | +0 scale mail, a potion of brilliance.
     0 | D:1      | Reached XP level 1. HP: 16/16 MP: 1/1
   138 | D:1      | Reached XP level 2. HP: 23/23 MP: 2/2
   288 | D:1      | Reached XP level 3. HP: 19/28 MP: 3/3
   453 | D:1      | Found Ali Zyol's Antique Armour Emporium.
   503 | D:1      | Reached skill level 7 in Polearms
   527 | D:1      | Found a faded altar of an unknown god.
   734 | D:1      | You fall into a shaft and drop 1 floor!
   753 | D:2      | Identified the +3 dagger "Killer Bee's Bane" {protect, rN+}
   763 | D:2      | Reached XP level 4. HP: 33/35 MP: 4/4
  1513 | D:3      | Learned a level 3 spell: Ozocubu's Armour
  1658 | D:3      | Noticed Ijyb
  1690 | D:3      | Gained mutation: You are partially covered in iridescent
                  | scales. (AC +2) [potion of mutation]
  1690 | D:3      | Slain by Ijyb

Illustrated notes

Levels and vault maps discovered:
D:1:      evilmike_arrival_crescent, layout_basic, serial_shops,
          nicolae_shop_waterfront, shapermc_ecumenical_altar_notcrosses,
          fountainhead
D:2:      layout_rooms
D:3:      layout_basic, uniq_crazy_yiuf_cottage, uniq_ijyb

Skill      XL: |  1  2  3  4 |
---------------+-------------+-----
Stealth        | 2 3 |  3.0
Polearms       | 7 |  7.4
Fighting       | 3 |  3.5
Armour         | |  1.0
Invocations    | |  1.0

Action                     |  1- 3 |  4- 6 || total
---------------------------+-------+-------++-------
  Melee: Spear             |    78 |   110 ||   188
         Punch             |     2 |     1 ||     3
    Use: Potion            |       |     6 ||     6
 Armour: Scale mail        |    15 |    29 ||    44
  Dodge: Dodged            |    14 |    30 ||    44

Table legend: (Time is in decaauts)
 A = Elapsed time spent in this place.
 B = Non-inter-level travel time spent in this place.
 C = Inter-level travel time spent in this place.
 D = Time resting spent in this place.
 E = Time spent auto-exploring this place.
 F = Levels seen in this place.
 G = Mean time per level.
                   A        B        C        D        E       F      G
               +--------+--------+--------+--------+--------+-----+--------+
         Total |   1627 |   1532 |     95 |      0 |   1232 |   3 |  542.3 |
       Dungeon |   1627 |   1532 |     95 |      0 |   1232 |   3 |  542.3 |
               +--------+--------+--------+--------+--------+-----+--------+

Top non-repeatable levels by time:
     D:1: 794 daAuts
     D:2: 573 daAuts
     D:3: 259 daAuts
